AoeStats
← 河北彩花

Black Forest

508012089Analyzed
4v4 RM · 12d ago on Sep 20, 2026· 41m 31s· 8 players
Game mode
Random Map
Map size
Large (8 player)
Population
200
Speed
Normal
Resources
Standard
Victory
Conquest
Starting age
Dark Age
Ending age
Imperial Age
RankedLock teamsTeams togetherTeam positionsShared explorationLock speedFull tech treeHidden civsTurbo modeCheats
Victory
Defeat
🇫🇮 Celts · Finland
1185
+13
🇲🇴 Cumans · Macao SAR China
1147
+15
🇨🇳 Lithuanians · China
1123
+15
🇫🇮 Goths · Finland
1120
+16
🇹🇷 Persians · Türkiye
1152
-16
🇪🇸 Bohemians · Spain
1127
-15
🇬🇧 Khmer · United Kingdom
1119
-15
🇺🇸 Vietnamese · United States
1070
-13
SeaLs
4:44 Loom
12:36 Feudal Age
13:01 Horse Collar
13:11 Double-Bit Axe
19:44 Castle Age
18:58 Bloodlines
27:38 Stone Mining
33:46 Ballistics
34:06 Gold Mining
38:16 Imperial Age
36:28 Wheelbarrow
37:18 Gold Shaft Mining
38:17 Elite Ballista Elephant
40:42 Double Crossbow
41:03 Conscription
Vanimal17
3:18 Loom
12:47 Feudal Age
13:45 Double-Bit Axe
13:46 Horse Collar
19:41 Castle Age
20:46 Bow Saw
20:36 Heavy Plow
20:36 Gold Mining
20:40 Stone Mining
20:46 Stone Mining
30:11 Ballistics
29:44 Fletching
29:56 Padded Archer Armor
30:37 Bodkin Arrow
35:32 Imperial Age
34:16 Leather Archer Armor
34:12 Forging
34:08 Scale Barding Armor
35:08 Wheelbarrow
35:34 Caravan
37:29 Chemistry
38:51 Paper Money
38:38 Chatras
40:28 Hand Cart
Albus
10:23 Feudal Age
8:39 Loom
10:57 Horse Collar
11:03 Double-Bit Axe
18:07 Castle Age
16:42 Wheelbarrow
24:49 Gold Mining
Nicolass
0:37 Loom
10:33 Feudal Age
11:30 Double-Bit Axe
Wickerman313
11:38 Feudal Age
12:17 Loom
12:25 Man-at-Arms
15:00 Double-Bit Axe
23:39 Castle Age
22:12 Horse Collar
23:47 Pikeman
24:34 Scale Mail Armor
27:10 Chain Mail Armor
29:40 Forging
32:56 Wheelbarrow
37:09 Heavy Plow
37:22 Bow Saw
37:45 Hand Cart
41:19 Imperial Age
TFS|Nappa
9:27 Feudal Age
10:15 Double-Bit Axe
10:41 Horse Collar
11:25 Man-at-Arms
13:40 Loom
14:31 Wheelbarrow
16:41 Town Watch
21:49 Forging
29:57 Scale Mail Armor
36:05 Castle Age
37:21 Iron Casting
36:56 Fishing Lines
37:37 Chain Mail Armor
36:44 Long Swordsman
38:23 Squires
40:04 Pikeman
-d
5:23 Loom
11:01 Feudal Age
15:27 Castle Age
33:16 Imperial Age
30:55 Scale Barding Armor
30:52 Double-Bit Axe
30:58 Gold Mining
32:16 Chain Barding Armor
32:29 Bow Saw
32:30 Horse Collar
33:33 Forging
34:09 Wheelbarrow
34:57 Plate Barding Armor
34:44 Capped Ram
36:15 Heavy Plow
36:07 Stone Mining
37:36 Iron Casting
37:47 Crop Rotation
37:47 Elite Leitis
38:31 Tower Shields
38:53 Conscription
40:20 Bloodlines
40:11 Husbandry
39:47 Cavalier
39:48 Light Cavalry
41:24 Winged Hussar
河北彩花
1:07 Loom
10:25 Feudal Age
11:19 Double-Bit Axe
14:29 Wheelbarrow
17:25 Fishing Lines
23:17 Castle Age
21:42 Stone Mining
21:44 Gold Mining
23:19 Town Watch
23:29 Horse Collar
24:26 Hand Cart
25:33 Gillnets
26:23 Bow Saw
29:21 Imperial Age
30:35 Town Patrol
31:00 Ballistics
31:41 Chemistry
31:23 Gold Shaft Mining
30:55 Fletching
31:17 Thumb Ring
31:24 Bloodlines
31:41 Parthian Tactics
32:34 Bodkin Arrow
32:41 Padded Archer Armor
32:46 Cuman Mercenaries
33:36 Leather Archer Armor
33:27 Scale Barding Armor
33:34 Forging
32:48 Light Cavalry
33:05 Capped Ram
34:12 Conscription
35:09 Two-Man Saw
34:38 Elite Kipchak
35:53 Steppe Husbandry
36:09 Hussar
38:05 Ring Archer Armor
37:58 Chain Barding Armor
38:14 Iron Casting
40:50 Masonry
41:20 Hoardings
Connection lost

Rejoining the realm…

Still unreachable

The connection could not be restored.

Session expired

The server has moved on; the page needs a fresh start.